[Event "ETCC Open 2023"]
[Site "Budva"]
[Date "2023.11.13"]
[Round "3.52"]
[White "Dvirnyy, Danyyil"]
[Black "Iordachescu, Viorel"]
[Result "1-0"]
[ECO "A46"]
[WhiteElo "2495"]
[BlackElo "2586"]
[Annotator "TA"]
[PlyCount "81"]
[EventDate "2023.11.10"]
[EventType "team-tourn"]
[EventCountry "MNE"]
[SourceTitle "playchess.com"]
[Source "ChessBase"]
[SourceQuality "1"]
[WhiteTeam "Italy"]
[BlackTeam "Moldova"]
[WhiteTeamCountry "ITA"]
[BlackTeamCountry "MDA"]
[TimeControl "40/5400+30:1800+30"]

1. d4 Nf6 2. Nf3 e6 3. g3 b5 4. Bg2 d5 5. O-O Bb7 6. a4 {[%emt 0:02:36] A46: 1 d4 Nf6 2 Nf3 e6: Torre, London and Colle Systems.} b4 {[%emt 0:02:36] [#]} 7. c4 $1 bxc3 8. Nxc3 {[%emt 0:04:25] The position is equal.} Be7 9. Bf4 c6 10. a5 {[%emt 0:07:55] [#]} O-O $146 ({Predecessor:} 10... Ba6 11. Qa4 O-O 12. Ne5 Qc8 13. b4 Nfd7 14. Rfc1 Nxe5 15. Bxe5 Qb7 16. Rcb1 Bb5 17. Nxb5 cxb5 {½-½ Samunenkov,I (2209)-Pantzar,M (2421) Titled Tuesday intern op 30th Mar blitz 2021 (11)}) 11. Qa4 Nh5 12. Bd2 Na6 13. Rfc1 Rb8 14. Ne5 Rc8 15. Na2 c5 16. Qb5 Rc7 17. b4 cxd4 18. Bf3 Nf6 19. Rxc7 Qxc7 20. Rc1 $36 {[%emt 0:00:51][%mdl 2048] White has the initiative.} Qb8 (20... Qxe5 $2 21. Bf4 $18) 21. Nc6 Bxc6 22. Qxc6 Nc5 23. bxc5 $18 {[%emt 0:02:36] Nb4 would be deadly.} Qb2 24. Bf4 Qxa2 25. Qb7 $1 e5 26. Qxe7 exf4 27. c6 $1 (27. Qxa7 $6 Qd2 28. Rf1 d3 29. exd3 Qxd3 $14) 27... Qd2 28. Rc5 Re8 {[%emt 0:00:07] Prevents c7.} 29. Qd6 {[%emt 0:03:01] aiming for c7.} (29. Qxa7 d3 30. exd3 fxg3 $17) 29... Ne4 $2 (29... Qe1+ $2 30. Kg2 d3 31. exd3 $18 (31. Qxf4 $2 dxe2 32. Bxe2 Qxe2 $19)) (29... fxg3 $16 30. hxg3 d3 31. exd3 Re1+ 32. Kg2 Qxd3 33. Qd8+ Ne8) 30. Bxe4 {[%emt 0:00:38] White is clearly winning.} dxe4 {[%emt 0:00:08][%mdl 4096] Endgame [#] KQR-KQR} 31. Re5 $1 Qc1+ 32. Kg2 f3+ 33. exf3 exf3+ 34. Kxf3 Qh1+ {[%emt 0:00:21] [#]} 35. Ke2 $1 Rf8 36. c7 (36. Qxd4 Qxc6 37. Qxa7 Qc4+ 38. Kf3 Qc6+ 39. Kg4 Qc8+ 40. Kf4 Qc4+ 41. Kf3 (41. Re4 Qd5 $11) 41... Qc6+ 42. Kg4 Qc8+ 43. Kf4 Qc4+ 44. Kf3 $11 (44. Re4 Qd5 $11)) 36... Qc1 (36... d3+ $142 37. Kd2 (37. Kxd3 $2 {loses.} Qd1+ {[%mdl 64] Skewer} 38. Kc4 Qxd6 $19) 37... Qb7) 37. Qc5 {[%emt 0:03:34] Active counter play!} ({And not} 37. Qxd4 Qxc7 38. Kf3 Rc8 $11) 37... Qb2+ 38. Kf1 Qb7 39. Rd5 {[%emt 0:03:08] White threatens Rd8 and mate.} ({Less strong is} 39. Qxd4 Qxc7 40. Qc5 Qb7 $14) 39... d3 40. Rxd3 (40. a6 $142 Qb1+ 41. Kg2) 40... Qa6 {[%emt 0:00:32] [#]} 41. Kg1 $1 {[%emt 0:03:12] Weighted Error Value: White=0.05 (flawless) /Black=0.41} 1-0

[Event "ETCC Open 2023"]
[Site "Budva"]
[Date "2023.11.13"]
[Round "3.53"]
[White "Fedoseev, Vladimir"]
[Black "Georgiadis, Nico"]
[Result "1/2-1/2"]
[ECO "E32"]
[WhiteElo "2675"]
[BlackElo "2556"]
[Annotator "TA"]
[PlyCount "129"]
[EventDate "2023.11.10"]
[EventType "team-tourn"]
[EventCountry "MNE"]
[SourceTitle "playchess.com"]
[Source "ChessBase"]
[SourceQuality "1"]
[WhiteTeam "Slovenia"]
[BlackTeam "Switzerland"]
[WhiteTeamCountry "SLO"]
[BlackTeamCountry "SUI"]
[TimeControl "40/5400+30:1800+30"]

1. d4 Nf6 2. c4 e6 3. Nc3 Bb4 4. Qc2 O-O 5. a3 Bxc3+ 6. Qxc3 b6 7. Bg5 h6 8. Bh4 Bb7 {[%emt 0:00:05] 8...Ba6 is vanishing.} 9. e3 d6 {[%emt 0:00:35] E32: Nimzo-Indian: Classical (4 Qc2): 4...0-0.} 10. Ne2 Nbd7 11. Qd3 e5 12. Nc3 exd4 13. Qxd4 Re8 14. O-O-O {[%emt 0:11:04] [#]} g5 $146 ({Predecessor:} 14... Qc8 15. Bxf6 Nxf6 16. f3 a5 17. Kb1 a4 18. Bd3 Nd7 19. e4 Nc5 20. g4 Ra5 {1-0 Standke,W (2523)-Schueppel,R (2541) BdF-Gold 07 email 2007}) 15. Bg3 Ne4 16. Nd5 (16. f3 $11 Ndc5 17. Kc2) 16... Ndc5 $15 17. Kb1 Nb3 (17... Bc8 $5 18. Ka2 Bf5 $11) 18. Qd3 Nbc5 {[%emt 0:00:13] A dynamic duo of knights.} 19. Qe2 c6 20. Nb4 Qf6 21. f3 $1 Nxg3 22. hxg3 Rad8 23. g4 Ne6 (23... Qg6+ $1 $11 24. Nc2 Bc8) 24. Qf2 a5 25. Na2 d5 26. Nc3 Kg7 (26... Nc5 $11) 27. cxd5 $16 cxd5 28. Bb5 Re7 {[%emt 0:03:13] [#]} 29. Ne2 {[%emt 0:00:55] Threatens to win with Ng3.} Kg8 30. Rh3 (30. Ng3 $18 {Nf5 is the strong threat.} Ng7 31. Rh3) 30... d4 $1 $14 31. exd4 (31. Nxd4 Nxd4 32. exd4 (32. Rxd4 Be4+ 33. Ka2 Rxd4 $11) 32... Kg7 $11) 31... Be4+ 32. Ka1 (32. fxe4 $2 {too greedy.} Qxf2 33. d5 Qxg2 34. Rxh6 Qxe4+ 35. Bd3 Qf3 $19) 32... Nc5 33. Bc4 $1 Bc2 34. Rdh1 Nd3 35. Bxd3 Bxd3 {[%emt 0:00:05] [#]} 36. Nc1 (36. Rxh6 $2 {is the wrong capture.} Rxe2 $19) ({White should play} 36. Ng3 $1 $16 Qxd4 37. Qxd4 Rxd4 38. Rxh6) 36... Bg6 $11 37. Rxh6 {[%emt 0:01:31][%cal Of3f4] And now f4! would win.} Qxd4 38. Qxd4 Rxd4 39. Rh8+ Kg7 {[%emt 0:00:07][%mdl 1024] Black has compensation.} 40. Rc8 Re6 41. g3 Re3 42. Rf1 {[%emt 0:00:00] The position is equal.} Rd2 43. Rc6 Rg2 44. Rxb6 Rxg3 45. Rb5 Rgxf3 46. Rxf3 Rxf3 47. Rxg5 {[%emt 0:00:00][%mdl 4096] Endgame KRB-KRN} a4 (47... Rf1 $5 48. Rc5 $8 Rg1 $11) 48. Rc5 Rg3 49. Rc4 Rg1 50. b4 ({Much weaker is} 50. Ka2 f5 51. Rxa4 Rxc1 $15) 50... axb3 51. Kb2 f6 {[%emt 0:01:12][%cal Bf7f6,Bf6f5,Bf5f4,Bf4f3][%mdl 32] aiming for ...Rg2+.} 52. Nxb3 Rg2+ 53. Kc1 Bf7 54. Rc7 Rxg4 55. Nc5 f5 56. a4 Rg2 57. a5 Ra2 58. a6 f4 59. Kb1 Ra5 60. a7 f3 {[%emt 0:00:15] Hoping for ...f2.} 61. Ne4 Kg6 62. Rc6+ Kg7 {[%emt 0:00:04][%cal Of7g6] White must now prevent ...Bg6!} 63. Rc7 Kg6 64. Rc6+ Kg7 {[%emt 0:00:04][%cal Of7g6] Strongly threatening ...Bg6!} 65. Rc7 {[%emt 0:00:06] Black escapes into a draw.   Weighted Error Value: White=0.09 (flawless) /Black=0.08 (flawless)} 1/2-1/2

[Event "ETCC Open 2023"]
[Site "Budva"]
[Date "2023.11.13"]
[Round "3.54"]
[White "Bogner, Sebastian"]
[Black "Subelj, Jan"]
[Result "1/2-1/2"]
[ECO "D11"]
[WhiteElo "2536"]
[BlackElo "2513"]
[Annotator "RC"]
[PlyCount "82"]
[EventDate "2023.11.10"]
[EventType "team-tourn"]
[EventCountry "MNE"]
[SourceTitle "playchess.com"]
[Source "ChessBase"]
[SourceQuality "1"]
[WhiteTeam "Switzerland"]
[BlackTeam "Slovenia"]
[WhiteTeamCountry "SUI"]
[BlackTeamCountry "SLO"]
[TimeControl "40/5400+30:1800+30"]

1. d4 d5 2. c4 c6 3. Nf3 Nf6 4. e3 Bg4 5. h3 Bh5 6. Nc3 e6 7. g4 Bg6 8. Ne5 Nbd7 9. h4 dxc4 10. Nxg6 hxg6 11. g5 Nd5 12. Bxc4 N7b6 13. Be2 Qc7 14. Bd2 Be7 15. f4 O-O-O 16. Qb3 Kb8 17. Ne4 Nc8 18. Bf3 Qb6 19. Kf2 Qxb3 20. axb3 Bb4 21. Bxb4 Nxb4 22. Nc5 b6 23. Na6+ Nxa6 24. Rxa6 Ne7 25. b4 Rd7 26. Ra3 Rc8 27. h5 gxh5 28. Rxh5 Nd5 29. Rh7 g6 30. Rb3 Kc7 31. Bxd5 cxd5 32. Rc3+ Kb7 33. Rxc8 Kxc8 34. b5 Rc7 35. Ke2 Kb7 36. Kd3 a6 37. bxa6+ Kxa6 38. Rh8 Ka5 39. Rb8 b5 40. e4 Rd7 41. Rc8 Kb4 1/2-1/2

[Event "ETCC Open 2023"]
[Site "Budva"]
[Date "2023.11.13"]
[Round "3.55"]
[White "Sebenik, Matej"]
[Black "Pelletier, Yannick"]
[Result "1-0"]
[ECO "E09"]
[WhiteElo "2531"]
[BlackElo "2505"]
[Annotator "RC"]
[PlyCount "73"]
[EventDate "2023.11.10"]
[EventType "team-tourn"]
[EventCountry "MNE"]
[SourceTitle "playchess.com"]
[Source "ChessBase"]
[SourceQuality "1"]
[WhiteTeam "Slovenia"]
[BlackTeam "Switzerland"]
[WhiteTeamCountry "SLO"]
[BlackTeamCountry "SUI"]
[TimeControl "40/5400+30:1800+30"]

1. d4 Nf6 2. c4 e6 3. g3 d5 4. Nf3 Be7 5. Bg2 O-O 6. O-O c6 7. Qc2 b6 8. b3 Nbd7 9. Rd1 Ba6 10. Nbd2 c5 11. e4 dxc4 12. Nxc4 cxd4 13. e5 Nd5 14. Nxd4 Rc8 15. Qb2 Bb4 16. Bd2 Bxd2 17. Qxd2 Rc7 18. f4 Nc5 19. Nd6 Nb7 20. Bxd5 exd5 21. Nxb7 Bxb7 22. f5 Re8 23. Re1 Rce7 24. e6 fxe6 25. fxe6 Qd6 26. Rac1 g6 27. Qg5 Rf8 28. Rf1 Ree8 29. h4 Ba6 30. Rxf8+ Rxf8 31. h5 Bd3 32. h6 a6 33. Re1 Be4 34. Rf1 Re8 35. Kh2 Qa3 36. Qf6 Qb2+ 37. Rf2 1-0

[Event "ETCC Open 2023"]
[Site "Budva"]
[Date "2023.11.13"]
[Round "3.56"]
[White "Baenziger, Fabian"]
[Black "Borisek, Jure"]
[Result "1/2-1/2"]
[ECO "E11"]
[WhiteElo "2422"]
[BlackElo "2568"]
[Annotator "RC"]
[PlyCount "68"]
[EventDate "2023.11.10"]
[EventType "team-tourn"]
[EventCountry "MNE"]
[SourceTitle "playchess.com"]
[Source "ChessBase"]
[SourceQuality "1"]
[WhiteTeam "Switzerland"]
[BlackTeam "Slovenia"]
[WhiteTeamCountry "SUI"]
[BlackTeamCountry "SLO"]
[TimeControl "40/5400+30:1800+30"]

1. d4 d5 2. c4 e6 3. Nf3 Nf6 4. g3 Bb4+ 5. Bd2 a5 6. Bg2 O-O 7. Qc2 c5 8. cxd5 cxd4 9. Nxd4 Qb6 10. e3 exd5 11. a3 Bxd2+ 12. Nxd2 Nc6 13. N2f3 Bg4 14. O-O Rac8 15. Qd3 Ne4 16. Rab1 Rfd8 17. Rfc1 Nc5 18. Qc3 Ne6 19. Nxe6 fxe6 20. Ne5 Bf5 21. Ra1 Na7 22. Qd2 Nc6 23. Nxc6 Rxc6 24. Rxc6 bxc6 25. b4 axb4 26. axb4 Rb8 27. Qc3 Qxb4 28. Qxc6 Qb6 29. Qxb6 Rxb6 30. h4 Kf7 31. Ra4 h5 32. e4 dxe4 33. Bxe4 Kf6 34. Bxf5 exf5 1/2-1/2

[Event "ETCC Open 2023"]
[Site "Budva"]
[Date "2023.11.13"]
[Round "3.57"]
[White "Dardha, Daniel"]
[Black "Pechac, Jergus"]
[Result "1-0"]
[ECO "E28"]
[WhiteElo "2575"]
[BlackElo "2580"]
[Annotator "TA"]
[PlyCount "102"]
[EventDate "2023.11.10"]
[EventType "team-tourn"]
[EventCountry "MNE"]
[SourceTitle "playchess.com"]
[Source "ChessBase"]
[SourceQuality "1"]
[WhiteTeam "Belgium"]
[BlackTeam "Slovakia"]
[WhiteTeamCountry "BEL"]
[BlackTeamCountry "SVK"]
[TimeControl "40/5400+30:1800+30"]

1. d4 Nf6 2. c4 e6 3. Nc3 Bb4 4. e3 O-O 5. a3 Bxc3+ 6. bxc3 d6 7. Bd3 e5 8. e4 $1 {[%emt 0:00:19][%mdl 4] outshines the older 8.Ne2. E28: Nimzo-Indian: Sämisch: 5...0-0 6 e3.} exd4 9. cxd4 {[%emt 0:00:05] [#]} Nxe4 $1 10. Ne2 {[%emt 0:00:10] The position is equal.} ({Much worse is} 10. Bxe4 Re8 $15) 10... Re8 11. O-O {[%emt 0:00:46] [#]} h6 $146 ({Predecessor:} 11... Nd7 12. f3 Nef6 13. g4 b5 14. cxb5 Bb7 15. Ng3 a6 16. Bg5 h6 17. Bd2 axb5 {0-1 Del Rio de Angelis,S (2434)-Dardha,D (2600) POR-chT Sao Joao da Madeira 2023 (3.2)}) 12. f3 Nf6 13. g4 (13. Re1 $11 {keeps the balance.}) 13... d5 $17 14. c5 b6 15. g5 hxg5 (15... Nh5 $17 16. gxh6 g6) 16. Bxg5 $11 bxc5 17. dxc5 Ba6 (17... Nbd7 $5 18. Bb5 Re5 $17) 18. Kh1 Bxd3 19. Qxd3 Nbd7 20. Rg1 {[%emt 0:03:28] Bh6 would be deadly.} Nxc5 21. Qc3 d4 $2 (21... Kh8 $11) 22. Nxd4 $16 Ne6 {[%emt 0:05:19] [#]} 23. Nf5 {[%emt 0:17:43] White has more active pieces.} (23. Rad1 $1 $16 Nd5 24. Nxe6 fxe6 25. Qc2) 23... Nd5 $1 $14 24. Qxg7+ Nxg7 {[%emt 0:00:09] A dynamic duo of knights.} 25. Bxd8 Rexd8 (25... Kf8 $1 $11 26. Rxg7 Raxd8) 26. Rxg7+ $16 Kf8 $2 (26... Kh8 $16) 27. Rag1 $18 Ke8 {[%emt 0:00:40] [#]} 28. Re1+ (28. Rd1 $1 $18 {Strongly threatening Rg8+.} c6 29. Re1+ Kf8 30. Rh7) 28... Kd7 $16 29. Rxf7+ Kc8 30. Ne7+ ({White should try} 30. h4 $18) 30... Kb7 31. Nxd5 Rxd5 {[%emt 0:00:09][%mdl 4096] Endgame KRR-KRR} 32. Rb1+ Kc6 33. Rc1+ Kb5 (33... Kd6 $16 {was necessary.}) 34. Rfxc7 Ka4 (34... Rd2 $16) 35. R1c3 $18 Rd1+ 36. Kg2 Rd2+ 37. Kg3 Rg8+ 38. Kf4 Rxh2 (38... Rf8+ $142 39. Ke3 Rxh2 40. Rxa7+ Kb5) 39. Rxa7+ Kb5 40. Rb7+ Ka4 41. Rb4+ Ka5 42. Rc5+ Ka6 43. Rg5 Rf8+ 44. Kg3 Ra2 (44... Rfh8 {was worth a try.} 45. Rd4 R8h3+ 46. Kf4 Rh4+ 47. Rg4 R4h3 48. Ra4+ Kb6 49. Rb4+ Kc6 50. Rc4+ Kb7 51. Rg7+ Kb6 52. Rg6+ Kb7 53. Rg7+ Ka6 54. Rg6+ Kb7 55. Rg7+) 45. Rf4 Rxf4 (45... Rd8 46. a4 Rd6) 46. Kxf4 Rxa3 {[%emt 0:00:10] KR-KR} 47. Re5 Kb6 48. Kg4 Kc6 49. f4 Kd6 50. Re1 Ra7 51. Kg5 Kd5 {[%emt 0:02:15] Weighted Error Value: White=0.13 (very precise) /Black=0.39} 1-0

[Event "ETCC Open 2023"]
[Site "Budva"]
[Date "2023.11.13"]
[Round "3.58"]
[White "Druska, Juraj"]
[Black "Glek, Igor"]
[Result "1/2-1/2"]
[ECO "D22"]
[WhiteElo "2472"]
[BlackElo "2435"]
[Annotator "RC"]
[PlyCount "51"]
[EventDate "2023.11.10"]
[EventType "team-tourn"]
[EventCountry "MNE"]
[SourceTitle "playchess.com"]
[Source "ChessBase"]
[SourceQuality "1"]
[WhiteTeam "Slovakia"]
[BlackTeam "Belgium"]
[WhiteTeamCountry "SVK"]
[BlackTeamCountry "BEL"]
[TimeControl "40/5400+30:1800+30"]

1. d4 d5 2. c4 dxc4 3. Nf3 a6 4. e3 Bg4 5. Bxc4 e6 6. h3 Bh5 7. Qb3 Bxf3 8. gxf3 b5 9. Be2 c5 10. a4 b4 11. dxc5 Bxc5 12. Rg1 Ne7 13. Qc4 Nd7 14. Nd2 Nf5 15. Nb3 Be7 16. Bd2 O-O 17. Rd1 Qb8 18. Na5 Qh2 19. Qg4 Ne5 20. Qg2 Qxg2 21. Rxg2 Nh4 22. Rg3 Nf5 23. Rg1 Nh4 24. Rg3 Nf5 25. Rg1 Nh4 26. Rg3 1/2-1/2

[Event "ETCC Open 2023"]
[Site "Budva"]
[Date "2023.11.13"]
[Round "3.59"]
[White "Beukema, Jasper"]
[Black "Sahidi, Samir"]
[Result "0-1"]
[ECO "B90"]
[WhiteElo "2357"]
[BlackElo "2464"]
[Annotator "RC"]
[PlyCount "100"]
[EventDate "2023.11.10"]
[EventType "team-tourn"]
[EventCountry "MNE"]
[SourceTitle "playchess.com"]
[Source "ChessBase"]
[SourceQuality "1"]
[WhiteTeam "Belgium"]
[BlackTeam "Slovakia"]
[WhiteTeamCountry "BEL"]
[BlackTeamCountry "SVK"]
[TimeControl "40/5400+30:1800+30"]

1. e4 c5 2. Nf3 d6 3. d4 cxd4 4. Nxd4 Nf6 5. Nc3 a6 6. h3 e5 7. Nb3 Be6 8. Be3 Nc6 9. Be2 Be7 10. Qd2 b5 11. Bf3 Na5 12. Nxa5 Qxa5 13. g4 h6 14. Bg2 Rc8 15. O-O b4 16. Nd5 Bxd5 17. exd5 Qb5 18. Rfd1 O-O 19. Bf1 Qb7 20. Qd3 a5 21. c4 bxc3 22. bxc3 Nd7 23. Rab1 Qc7 24. Qa6 Nc5 25. Bxc5 Qxc5 26. Rb5 Qxc3 27. Qxa5 Qf3 28. Qd2 Bg5 29. Qd3 Qf4 30. Bg2 Rc4 31. Rdb1 Bh4 32. Qe2 Rd4 33. R1b2 f5 34. gxf5 Rxf5 35. R5b3 Bxf2+ 36. Kh1 Qc1+ 37. Bf1 Bh4 38. Rb1 Qf4 39. Bg2 e4 40. Rb8+ Kf7 41. Qb5 Qe5 42. Qd7+ Be7 43. h4 e3 44. Bh3 Rxh4 45. Qe6+ Qxe6 46. dxe6+ Kf6 47. Kg2 Rg5+ 48. Kh2 d5 49. Rf1+ Kg6 50. Rb6 d4 0-1

[Event "ETCC Open 2023"]
[Site "Budva"]
[Date "2023.11.13"]
[Round "3.60"]
[White "Haring, Filip"]
[Black "Lenaerts, Lennert"]
[Result "1-0"]
[ECO "B40"]
[WhiteElo "2446"]
[BlackElo "2322"]
[Annotator "RC"]
[PlyCount "65"]
[EventDate "2023.11.10"]
[EventType "team-tourn"]
[EventCountry "MNE"]
[SourceTitle "playchess.com"]
[Source "ChessBase"]
[SourceQuality "1"]
[WhiteTeam "Slovakia"]
[BlackTeam "Belgium"]
[WhiteTeamCountry "SVK"]
[BlackTeamCountry "BEL"]
[TimeControl "40/5400+30:1800+30"]

1. e4 c5 2. Nf3 e6 3. b3 b6 4. Bb2 Bb7 5. Nc3 Nc6 6. g3 d6 7. Bg2 Be7 8. d4 cxd4 9. Nxd4 Nxd4 10. Qxd4 Nf6 11. O-O-O O-O 12. Kb1 a6 13. g4 e5 14. Qe3 Nxg4 15. Qe2 Nf6 16. f4 Qc7 17. Rhg1 exf4 18. e5 f3 19. Bxf3 Bxf3 20. Rxg7+ Kxg7 21. exf6+ Bxf6 22. Qxf3 Be5 23. Nd5 Qd8 24. Rg1+ Kh8 25. Nf6 Bxb2 26. Kxb2 Qe7 27. Rg5 h6 28. Rh5 Rg8 29. Rxh6+ Kg7 30. Qg4+ Kxh6 31. Qh5+ Kg7 32. Qg5+ Kh8 33. Qh6# 1-0

[Event "ETCC Open 2023"]
[Site "Budva"]
[Date "2023.11.13"]
[Round "3.61"]
[White "Kalezic, Blazo"]
[Black "Keinanen, Toivo"]
[Result "1-0"]
[ECO "C02"]
[WhiteElo "2401"]
[BlackElo "2527"]
[Annotator "RC"]
[PlyCount "133"]
[EventDate "2023.11.10"]
[EventType "team-tourn"]
[EventCountry "MNE"]
[SourceTitle "playchess.com"]
[Source "ChessBase"]
[SourceQuality "1"]
[WhiteTeam "Montenegro"]
[BlackTeam "Finland"]
[WhiteTeamCountry "MNE"]
[BlackTeamCountry "FIN"]
[TimeControl "40/5400+30:1800+30"]

1. e4 e6 2. d4 d5 3. e5 c5 4. c3 Nc6 5. Nf3 Bd7 6. Be2 f6 7. O-O fxe5 8. dxe5 Nh6 9. c4 d4 10. Re1 Nf7 11. Nbd2 Be7 12. Ne4 O-O 13. Bf4 Nh8 14. Bg3 Ng6 15. Bd3 Nf4 16. Bb1 Be8 17. Qd2 Nh3+ 18. gxh3 Rxf3 19. Bc2 Bg6 20. Bd1 Rf8 21. Bg4 Qd7 22. h4 Bf5 23. h3 b6 24. Rad1 Rad8 25. h5 h6 26. Kh2 Kh7 27. f4 a6 28. Qg2 b5 29. b3 bxc4 30. bxc4 Na5 31. Rc1 Rb8 32. Rg1 Bxg4 33. hxg4 d3 34. Rgd1 Nc6 35. Rc3 Nd4 36. Rdxd3 Qa4 37. Rd2 Kh8 38. Kh3 Rb1 39. Qf2 Rfb8 40. f5 exf5 41. gxf5 Rf8 42. f6 Qd7+ 43. Kg2 Qc6 44. Qf4 gxf6 45. Qxh6+ Kg8 46. Qg6+ Kh8 47. exf6 Bxf6 48. Rf2 Nf5 49. Qxf5 Bg7 50. Qd5 Rxf2+ 51. Bxf2 Qxd5 52. cxd5 Bxc3 53. Nxc3 Rc1 54. Bxc5 Rc2+ 55. Kf1 Kg8 56. Bd4 Rh2 57. Ne4 Kf7 58. Nf6 Rxa2 59. Ke1 Ra4 60. Bc3 Rc4 61. Kd2 Rc8 62. d6 Kg7 63. Ba5 Kxf6 64. d7 Rg8 65. d8=Q+ Rxd8+ 66. Bxd8+ Kg7 67. Bg5 1-0

[Event "ETCC Open 2023"]
[Site "Budva"]
[Date "2023.11.13"]
[Round "3.62"]
[White "Sipila, Vilka"]
[Black "Krivokapic, Marko"]
[Result "1-0"]
[ECO "B81"]
[WhiteElo "2429"]
[BlackElo "2386"]
[Annotator "RC"]
[PlyCount "63"]
[EventDate "2023.11.10"]
[EventType "team-tourn"]
[EventCountry "MNE"]
[SourceTitle "playchess.com"]
[Source "ChessBase"]
[SourceQuality "1"]
[WhiteTeam "Finland"]
[BlackTeam "Montenegro"]
[WhiteTeamCountry "FIN"]
[BlackTeamCountry "MNE"]
[TimeControl "40/5400+30:1800+30"]

1. e4 c5 2. Nf3 d6 3. d4 cxd4 4. Nxd4 Nf6 5. Nc3 a6 6. h4 e6 7. g4 Nc6 8. g5 Nd7 9. Be3 Qc7 10. f4 b5 11. Nxc6 Qxc6 12. a3 Nb6 13. Bd4 Nc4 14. b3 Ne3 15. Qd3 Nxf1 16. Rxf1 Bb7 17. f5 Rc8 18. fxe6 fxe6 19. Qf3 Qc7 20. Nd5 exd5 21. exd5 Kd8 22. c4 bxc4 23. bxc4 Qa5+ 24. Bc3 Qb6 25. Qd3 Rc7 26. Rb1 Qc5 27. Rb4 Re7+ 28. Kd2 Kc8 29. Bd4 Qc7 30. Rfb1 Qd8 31. Ba7 Qc7 32. Qh3+ 1-0

[Event "ETCC Open 2023"]
[Site "Budva"]
[Date "2023.11.13"]
[Round "3.63"]
[White "Draganic, Veljko"]
[Black "Valkama, Eero"]
[Result "1-0"]
[ECO "C86"]
[WhiteElo "2294"]
[BlackElo "2310"]
[Annotator "ChessBase"]
[PlyCount "91"]
[EventDate "2023.11.10"]
[EventType "team-tourn"]
[EventCountry "MNE"]
[SourceTitle "playchess.com"]
[Source "ChessBase"]
[SourceQuality "1"]
[WhiteTeam "Montenegro"]
[BlackTeam "Finland"]
[WhiteTeamCountry "MNE"]
[BlackTeamCountry "FIN"]
[TimeControl "40/5400+30:1800+30"]

1. e4 e5 2. Nf3 Nc6 3. Bb5 a6 4. Ba4 Nf6 5. Qe2 b5 6. Bb3 Be7 7. O-O d6 8. c3 O-O 9. Rd1 Na5 10. Bc2 c5 11. d4 Qc7 12. d5 c4 13. Nbd2 g6 14. Nf1 Nh5 15. Bh6 Ng7 16. Ng3 Nb7 17. h3 Bd7 18. Nh2 f6 19. f4 exf4 20. Bxf4 Rae8 21. Qd2 f5 22. exf5 Nxf5 23. Nxf5 Bxf5 24. Bxf5 Rxf5 25. Ng4 Bf8 26. Bh6 Kh8 27. Re1 Rb8 28. b4 cxb3 29. axb3 Nc5 30. c4 bxc4 31. bxc4 Bg7 32. Rab1 Rbf8 33. Kh2 Bxh6 34. Nxh6 Rf4 35. Re8 Rxe8 36. Qxf4 Qe7 37. Re1 Rf8 38. Rxe7 Rxf4 39. Nf7+ Kg8 40. Nxd6 a5 41. Rc7 Nb3 42. Nb7 a4 43. d6 a3 44. Rc8+ Kg7 45. Ra8 Rxc4 46. d7 1-0

[Event "ETCC Open 2023"]
[Site "Budva"]
[Date "2023.11.13"]
[Round "3.64"]
[White "Wartiovaara, Oliver"]
[Black "Miletic, Vuk"]
[Result "1-0"]
[ECO "B31"]
[WhiteElo "2270"]
[BlackElo "2190"]
[Annotator "ChessBase"]
[PlyCount "81"]
[EventDate "2023.11.10"]
[EventType "team-tourn"]
[EventCountry "MNE"]
[SourceTitle "playchess.com"]
[Source "ChessBase"]
[SourceQuality "1"]
[WhiteTeam "Finland"]
[BlackTeam "Montenegro"]
[WhiteTeamCountry "FIN"]
[BlackTeamCountry "MNE"]
[TimeControl "40/5400+30:1800+30"]

1. e4 c5 2. Nf3 Nc6 3. Bb5 g6 4. O-O Bg7 5. c3 Nf6 6. Re1 O-O 7. d4 cxd4 8. cxd4 d5 9. e5 Ne4 10. Be3 Qb6 11. Qe2 Bd7 12. a4 f6 13. Nc3 Nxc3 14. bxc3 a6 15. Bd3 fxe5 16. Nxe5 Nxe5 17. dxe5 Qc7 18. Bd4 Bf5 19. Rad1 e6 20. h4 Qd7 21. Bc2 b5 22. Bb3 bxa4 23. Ba2 Qe7 24. h5 gxh5 25. Qxh5 Bg6 26. Qg4 Rf5 27. f3 Rg5 28. Qh3 Rb8 29. c4 Bf5 30. Qh2 Qa3 31. Qf4 Bh6 32. Qd2 Bh3 33. Re3 Qf8 34. Re2 Rg6 35. Be3 Bxe3+ 36. Qxe3 Qg7 37. Rdd2 dxc4 38. Bxc4 Rb1+ 39. Kh2 Bxg2 40. Rd8+ Kf7 41. Qa7+ 1-0

[Event "ETCC Open 2023"]
[Site "Budva"]
[Date "2023.11.13"]
[Round "3.65"]
[White "Nikolovski, Nikola"]
[Black "Nielsen, Hogni Egilstoft"]
[Result "1/2-1/2"]
[ECO "C49"]
[WhiteElo "2405"]
[BlackElo "2387"]
[Annotator "RC"]
[PlyCount "66"]
[EventDate "2023.11.10"]
[EventType "team-tourn"]
[EventCountry "MNE"]
[SourceTitle "playchess.com"]
[Source "ChessBase"]
[SourceQuality "1"]
[WhiteTeam "Macedonia"]
[BlackTeam "Faroe Islands"]
[WhiteTeamCountry "MKD"]
[BlackTeamCountry "FAI"]
[TimeControl "40/5400+30:1800+30"]

1. e4 e5 2. Nf3 Nc6 3. Nc3 Nf6 4. Bb5 Bb4 5. O-O O-O 6. Bxc6 dxc6 7. d3 Nd7 8. Ne2 Re8 9. Ng3 Nf8 10. h3 Bd6 11. Bg5 f6 12. Be3 Ng6 13. Nh5 Be6 14. Nd2 Qd7 15. Qf3 Rf8 16. g4 Rad8 17. Kh1 c5 18. a4 Qc6 19. b3 Rd7 20. Kg1 b6 21. Qg3 a6 22. Nc4 Bxc4 23. bxc4 a5 24. h4 Rdf7 25. f3 Rd8 26. Qh2 Qd7 27. Rf2 Nf8 28. Ng3 g6 29. h5 Ne6 30. Qh4 g5 31. Qh3 h6 32. Nf5 Kh7 33. Qf1 Ng7 1/2-1/2

[Event "ETCC Open 2023"]
[Site "Budva"]
[Date "2023.11.13"]
[Round "3.66"]
[White "Poulsen, Martin"]
[Black "Risteski, Emil"]
[Result "0-1"]
[ECO "B21"]
[WhiteElo "2291"]
[BlackElo "2379"]
[Annotator "ChessBase"]
[PlyCount "70"]
[EventDate "2023.11.10"]
[EventType "team-tourn"]
[EventCountry "MNE"]
[SourceTitle "playchess.com"]
[Source "ChessBase"]
[SourceQuality "1"]
[WhiteTeam "Faroe Islands"]
[BlackTeam "Macedonia"]
[WhiteTeamCountry "FAI"]
[BlackTeamCountry "MKD"]
[TimeControl "40/5400+30:1800+30"]

1. e4 c5 2. Be2 Nc6 3. d3 d5 4. f4 g6 5. Nf3 Nf6 6. e5 Nh5 7. d4 Bh6 8. g3 cxd4 9. Nxd4 Ng7 10. Nc3 O-O 11. Bf3 Kh8 12. Nxc6 bxc6 13. g4 Ne6 14. g5 Bg7 15. h4 f6 16. h5 Kg8 17. hxg6 fxg5 18. Rxh7 Nxf4 19. Bxf4 Rxf4 20. Nxd5 Rf8 21. Qe2 Bf5 22. O-O-O Bxg6 23. Nf6+ exf6 24. Rxg7+ Kxg7 25. Rxd8 Raxd8 26. exf6+ Kxf6 27. Bxc6 Bf5 28. b4 Rd4 29. a3 Rfd8 30. Qa6 R8d6 31. Qxa7 Rd1+ 32. Kb2 Rxc6 33. c4 Rcd6 34. Kb3 R6d3+ 35. Ka4 Rxa3+ 0-1